 Dungeon Crawl Stone Soup version 0.28.0 (webtiles) character file.

Game seed: 3032894860888246827

3225 DekaFumoDeathCult the Geomancer (level 9, -2/53 HPs)
             Began as an Octopode Earth Elementalist on Feb 9, 2022.
             Slain by a wyvern (9 damage)
             ... on level 7 of the Dungeon.
             The game lasted 00:17:46 (5790 turns).

DekaFumoDeathCult the Geomancer (OpEE)              Turns: 5790, Time: 00:17:46

Health: -2/53      AC:  1    Str:  7    XL:     9   Next: 98%
Magic:  7/19       EV: 13    Int: 27    God:
Gold:   313        SH:  0    Dex: 13    Spells: 16/22 levels left

rFire   . . .      SeeInvis .   C - +1 short sword (venom)
rCold   . . .      Faith    .   (no shield)
rNeg    . . .      Spirit   .   (helmet restricted)
rPois   .          Reflect  .   a - amulet of regeneration
rElec   .          Harm     .   h - +6 ring of intelligence
rCorr   .          Rampage  .   (no ring)
Will    .....                   (no ring)
Stlth   +++.......              (no ring)
HPRegen 0.97/turn               (no ring)
MPRegen 0.16/turn               (no ring)
                                (no ring)
                                (no ring)

@: lethally poisoned (-2 -> -7), slowed, very slow
A: almost no armour, amphibious, 8 rings, camouflage 1, gelatinous body 1,
(nimble swimmer 1), tentacles
a: no special abilities


You were on level 7 of the Dungeon.
You visited 1 branch of the dungeon, and saw 7 of its levels.

You collected 313 gold pieces.

Inventory:

Hand Weapons
 C - a +1 short sword of venom (weapon)
Missiles
 b - 95 stones
 o - 8 poisoned darts (quivered)
Jewellery
 a - an amulet of regeneration (around mantle)
 f - a ring of fire
 h - a +6 ring of intelligence (left tentacle)
 k - a ring of see invisible
 p - a ring of positive energy
Scrolls
 c - 2 scrolls of teleportation {unknown}
 d - 2 scrolls of fog {unknown}
 e - a scroll of brand weapon {unknown}
 j - a scroll of immolation {unknown}
 m - 2 scrolls of magic mapping {unknown}
 q - 2 scrolls of amnesia {unknown}
 r - 2 scrolls of identify {unknown}
 t - a scroll of fear {unknown}
 v - a scroll of blinking {unknown}
 x - a scroll of summoning {unknown}
 y - a scroll of acquirement {unknown}
Potions
 g - 2 potions of berserk rage {unknown}
 i - 2 potions of heal wounds {unknown}
 l - 3 potions of attraction {unknown}
 n - a potion of magic {unknown}
 s - a potion of brilliance {unknown}
 u - 2 potions of curing {unknown}
 w - a potion of mutation {unknown}
 z - 2 potions of flight {unknown}
 A - 2 potions of degeneration {unknown}


   Skills:
 + Level 1.1 Fighting
 + Level 2.3 Dodging
 - Level 3.0 Stealth
 + Level 7.3 Spellcasting
 + Level 7.9 Conjurations
 - Level 1.0 Transmutations
 + Level 8.3 Earth Magic


You had 16 spell levels left.
You knew the following spells:

 Your Spells              Type           Power      Damage    Failure   Level
a - Sandblast             Erth           100%       2d20      1%          1
b - Passwall              Tmut/Erth      29%        N/A       1%          2
c - Stone Arrow           Conj/Erth      100%       3d13      1%          3

Your spell library contained the following spells:

 Spells                   Type           Power      Damage    Failure   Level
 Apportation              Tloc           18%        N/A       6%          1
 Freeze                   Ice            36%        1d6       6%          1
 Petrify                  Tmut/Erth      35%        N/A       9%          4
 Hailstorm                Conj/Ice       31%        3d8       11%         4
 Frozen Ramparts          Ice            18%        1d3       17%         3
 Alistair's Intoxication  Tmut/Pois      8%         N/A       77%         5


Dungeon Overview and Level Annotations

Branches:
Dungeon (7/15)
 Temple: D:4-7

Altars:
Hepliaklqana
Nemelex Xobeh
Uskayaw

Shops:
D:3 =


Innate Abilities, Weirdness & Mutations

You cannot wear most types of armour.
You are amphibious.
You can wear up to eight rings at the same time.
Your skin changes colour to match your surroundings (Stealth+).
Your rubbery body absorbs attacks. (AC +1, EV +1)
((You are camouflaged when in or above water. (Stealth+)))
You have tentacles for arms and can constrict up to eight enemies at once.


Message History

You are more poisoned.
You have difficulty breathing.
You feel as though you will be slow longer.
Unknown command.
Casting: Sandblast (safe; 1% risk of failure)
Confirm with . or Enter, or press ? or * to list all spells.
Aiming: Stone Arrow (safe; 1% risk of failure)
Press: ? - help, Shift-Dir - straight line, f - kobold brigand
Aim: a kobold brigand, wielding a +0 dagger and quivering curare-tipped darts (72% to hit)
The stone arrow hits the kobold brigand!!
The kobold brigand is almost dead.
The wyvern hisses angrily.
You feel very sick.
The kobold brigand throws a curare-tipped dart.
The curare-tipped dart hits you.
You are more poisoned.
You have difficulty breathing.
* * * LOW HITPOINT WARNING * * *
You feel as though you will be slow longer.
Casting: Stone Arrow (safe; 1% risk of failure)
Confirm with . or Enter, or press ? or * to list all spells.
Aiming: Stone Arrow (safe; 1% risk of failure)
Press: ? - help, Shift-Dir - straight line, f/p - kobold brigand
Aim: a kobold brigand, wielding a +0 dagger and quivering curare-tipped darts (almost dead, 72% to hit)
The stone arrow hits the kobold brigand!
You kill the kobold brigand!
* * * LOW HITPOINT WARNING * * *
You feel extremely sick.
Your Fighting skill increases to level 1!
Casting: Stone Arrow (safe; 1% risk of failure)
Confirm with . or Enter, or press ? or * to list all spells.
Aiming: Stone Arrow (safe; 1% risk of failure)
Press: ? - help, Shift-Dir - straight line, f - wyvern
Aim: a wyvern (78% to hit)
The stone arrow hits the wyvern!
The wyvern is moderately wounded.
* * * LOW HITPOINT WARNING * * *
You feel very sick. The wyvern bites you!
You die...

#.# #.....#
..#####.###.#####
....).......#
.######.#####
##..# #..## #.##
.# #l# .### #@#
##... #.# ..>#
#.# ...# #. ##K#
...# #.
#.###KO######
...#...
###.#...K.....#
.......
......#.#######
...#..#
###.###)#####
......#
#.....)....#


You could see a wyvern, an ogre and 3 kobolds.

Vanquished Creatures
  A two-headed ogre (D:6)
  A centaur zombie (D:5)
  A hornet (D:7)
  Sigmund (D:2)
  A water moccasin (D:6)
  2 orc warriors (D:6)
  A sky beast (D:6)
  3 ice beasts
  2 necrophages (D:6)
  2 ogres
  A centaur (D:6)
  A kobold brigand (D:7)
  A gnoll sergeant (D:5)
  A scorpion (D:4)
  A wyvern skeleton (D:7)
  2 howler monkeys
  A hound (D:5)
  A jelly (D:5)
  A centaur skeleton (D:5)
  2 orc priests (D:6)
  2 iguanas
  Jessica (D:2)
  Natasha (thrice) (D:2)
  An orc wizard (D:6)
  A hound skeleton (D:5)
  5 gnolls (D:5)
  7 adders
  A howler monkey skeleton (D:7)
  An ufetubus (D:5)
  3 worms
  6 dart slugs
  13 orcs
  5 endoplasms
  4 giant cockroaches
  8 goblins
  5 hobgoblins
  A quokka (D:4)
  3 ball pythons
  3 bats
  A frilled lizard (D:2)
  7 kobolds
  3 rats
111 creatures vanquished.

Vanquished Creatures (others)
  A plant (D:6)
1 creature vanquished.

Grand Total: 112 creatures vanquished

Notes
Turn   | Place    | Note
-------+----------+-------------------------------------------
     0 | D:1      | DekaFumoDeathCult the Octopode Earth Elementalist began the
                  | quest for the Orb.
     0 | D:1      | Reached XP level 1. HP: 11/11 MP: 3/3
   313 | D:1      | Reached XP level 2. HP: 12/17 MP: 5/5
   316 | D:1      | Learned a level 2 spell: Passwall
   875 | D:2      | Noticed Natasha
   878 | D:2      | Killed Natasha
   879 | D:2      | Reached XP level 3. HP: 18/21 MP: 7/7
   883 | D:2      | Learned a level 3 spell: Stone Arrow
   914 | D:2      | Noticed Natasha
   924 | D:2      | Killed Natasha
   925 | D:2      | Reached skill level 1 in Conjurations
   925 | D:2      | Reached XP level 4. HP: 27/27 MP: 6/8
   987 | D:2      | Noticed Natasha
   995 | D:2      | Killed Natasha
  1245 | D:2      | Reached skill level 4 in Earth Magic
  1670 | D:2      | Reached XP level 5. HP: 24/31 MP: 9/9
  1792 | D:2      | Noticed Jessica
  1798 | D:2      | Killed Jessica
  1934 | D:2      | Noticed Sigmund
  1943 | D:2      | Killed Sigmund
  1944 | D:2      | Reached XP level 6. HP: 13/36 MP: 4/11
  2419 | D:3      | Found Butroago's Jewellery Shop.
  3109 | D:3      | Found a faded altar of an unknown god.
  3245 | D:4      | Reached XP level 7. HP: 41/41 MP: 9/13
  3815 | D:5      | Entered Level 5 of the Dungeon
  3855 | D:5      | Reached skill level 5 in Earth Magic
  3985 | D:5      | Reached skill level 5 in Conjurations
  3985 | D:5      | Reached XP level 8. HP: 7/46 MP: 6/15
  4104 | D:5      | Reached skill level 5 in Spellcasting
  4108 | D:5      | Reached skill level 6 in Earth Magic
  4386 | D:5      | Found a sparkling altar of Nemelex Xobeh.
  4794 | D:6      | Noticed a +0 dagger
  4869 | D:6      | Noticed a two-headed ogre
  4884 | D:6      | HP: 2/46 [two-headed ogre (8)]
  4908 | D:6      | Killed a two-headed ogre
  4909 | D:6      | Reached skill level 7 in Earth Magic
  4909 | D:6      | Reached XP level 9. HP: 28/51 MP: 4/18
  5081 | D:6      | Found a hazy altar of Hepliaklqana.
  5209 | D:6      | Noticed a +0 dagger
  5246 | D:6      | Found a hide-covered altar of Uskayaw.
  5467 | D:6      | Reached skill level 8 in Earth Magic
  5587 | D:7      | Noticed a hornet
  5589 | D:7      | Killed a hornet
  5790 | D:7      | Reached skill level 1 in Fighting
  5790 | D:7      | Slain by a wyvern

Illustrated notes

Levels and vault maps discovered:
D:1:      dpeg_arrival_tiny_j, layout_loops_cross
D:2:      layout_loops_ring, minmay_misc_feat_nine_boxes, minmay_misc_feat_room,
          lightli_corner_chamber, uniq_sigmund, uniq_natasha, uniq_jessica
D:3:      corexii_shack_village, layout_basic, shapermc_ecumenical_altar_petra,
          serial_shops, nicolae_shop_advertising_works
          [nicolae_subvault_shop_adworks], minmay_misc_feat_chi
D:4:      layout_loops_ring
D:5:      layout_rooms, nemelex_dance_club_becter
D:6:      layout_rooms, nicolae_hepliaklqana_hazy_memory,
          dancing_weapons_uskayaw
D:7:      layout_rooms, minmay_temple_entry_statues_pillars

Skill      XL: |  1  2  3  4  5  6  7  8  9 |
---------------+----------------------------+-----
Stealth        | 3 |  3.0
Conjurations   | 1 2 3 4 5 6 7 |  7.9
Spellcasting   | 3 4 6 7 |  7.3
Earth Magic    | 4 5 7 8 |  8.3
Fighting       | 1 |  1.1
Dodging        | |  2.3
Transmutations | |  1.0

Action                   |  1- 3 |  4- 6 |  7- 9 || total
-------------------------+-------+-------+-------++-------
Melee: Dagger            |    17 |    62 |    45 ||   124
       Unarmed           |     5 |       |       ||     5
       Constrict         |     7 |    15 |     9 ||    31
       Tentacles         |     4 |    21 |    10 ||    35
       Punch             |       |     4 |     2 ||     6
       Short sword       |       |       |     6 ||     6
Throw: Dart              |       |     1 |     1 ||     2
 Cast: Sandblast         |     4 |    28 |    60 ||    92
       Stone Arrow       |       |       |    28 ||    28
       Passwall          |       |       |     1 ||     1
 Stab: Sleeping          |     1 |    13 |    10 ||    24
       Distracted        |       |     1 |       ||     1
Armor: Skin              |     1 |     2 |     3 ||     6
Dodge: Dodged            |    10 |    41 |    55 ||   106
